Map: Temple gelé

Players

zidar

  • Race: Zerg Zerg
  • League: Gold
  • Spawn Location: 11:00

Mrforsberg - Winner!

  • Race: Zerg Zerg
  • League: Silver
  • Spawn Location: 5:00

VOD

Have the link to the VOD?

Description

Time

  • Played on: May 20, 2016, 9:04 a.m.
  • Length: 11:31
Show
View Real Time Build Order
Export as new Build Order

zidar Zerg 

Build Orders: 1 Base Baneling Bust, Pool First 

Get SALT Encoding   

  12  0:01  Drone  
  13  0:12  Overlord  
  13  0:17  Drone  
  14  0:35  Spawning Pool  
  14  0:38  Drone  
  14  0:42  Extractor  
  13  0:59  Overlord  
  13  1:17  Drone  
  14  1:22  Zergling x2  
  14  1:23  Queen  
  14  1:25  Zergling x2  
  18  1:30  Zergling x2  
  19  1:41  Metabolic Boost  
  19  1:44  Zergling x2  
  20  1:52  Zergling x2  
  21  2:20  Zergling x4  
  21  2:43  Zergling x10  
  26  3:05  Zergling x4  
  28  3:23  Baneling Nest  
  19  3:42  Zergling x12  
  21  4:15  Zergling x10  
  25  4:35  Hatchery  
  24  4:44  Zergling x4  
  26  4:46  Hatchery  
  25  5:02  Drone x2  
  27  5:13  Drone x2  
  28  5:45  Drone x2  
  28  5:49  Queen  
  32  5:51  Queen  
  32  5:54  Drone  
  34  6:17  Drone x2  
  36  6:37  Lair  
  36  6:42  Roach Warren  
  35  6:50  Drone x6  
  35  6:54  Overlord  
  41  7:13  Extractor  
  41  7:14  Drone x2  
  41  7:15  Drone x5  
  47  7:19  Extractor  
  47  7:21  Extractor  
  45  7:52  Drone x4  
  45  7:55  Overlord x2  
  45  7:56  Overlord x2  
  49  8:13  Hydralisk Den  
  49  8:14  Overseer  
  48  8:22  Pneumatized Carapace  
  48  8:31  Drone x9  
  57  8:36  Drone x2  
  57  8:37  Drone  
  60  8:56  Hydralisk x4  
  68  9:21  Spire  
  67  9:27  Infestation Pit  
  65  9:33  Roach x9  
  80  9:50  Overlord  
  80  9:51  Overlord x5  
  80  10:04  Evolution Chamber  
  79  10:09  Evolution Chamber  
  79  10:11  Hive  
  78  10:18  Drone x9  
  87  10:25  Drone x3  
  90  10:33  Corruptor  
  90  10:34  Corruptor  
  94  10:39  Corruptor  
  96  10:43  Corruptor  
  98  10:54  Extractor x2  
Show
View Real Time Build Order
Export as new Build Order

Mrforsberg Zerg - Winner!

Build Orders: Pool First 

Get SALT Encoding   

  12  0:01  Drone  
  13  0:13  Overlord  
  13  0:18  Drone  
  14  0:32  Drone x2  
  16  0:42  Spawning Pool  
  15  0:46  Drone  
  17  0:50  Drone  
  17  1:11  Extractor  
  16  1:22  Hatchery  
  16  1:24  Drone x3  
  18  1:32  Queen  
  20  1:41  Overlord  
  20  1:56  Zergling x4  
  22  2:12  Zergling x2  
  22  2:14  Roach Warren  
  20  2:34  Zergling x4  
  22  2:39  Zergling x2  
  22  2:40  Queen  
  22  2:42  Zergling x4  
  22  2:43  Zergling x4  
  28  3:08  Drone x3  
  28  3:10  Queen  
  33  3:13  Roach  
  23  3:48  Roach  
  23  3:49  Roach x2  
  23  3:52  Roach x3  
  33  4:07  Queen, Drone  
  36  4:19  Overlord x2  
  36  4:22  Extractor  
  36  4:23  Drone  
  36  4:47  Drone x3  
  39  4:54  Drone x3  
  42  5:06  Roach x2  
  46  5:09  Roach  
  48  5:23  Drone x4  
  52  5:31  Overlord x3  
  52  5:34  Overlord  
  50  5:51  Drone  
  50  5:52  Spine Crawler x2, Drone  
  50  5:54  Extractor  
  50  5:56  Extractor  
  48  6:04  Lair  
  48  6:07  Drone x2  
  48  6:08  Drone  
  51  6:13  Drone x4  
  55  6:20  Drone  
  55  6:24  Drone x5  
  61  6:26  Drone  
  62  6:34  Drone x3  
  62  6:38  Drone  
  66  7:15  Spire  
  65  7:44  Overlord x2  
  65  7:45  Overlord x2  
  65  8:00  Roach x2  
  65  8:01  Roach x2  
  65  8:02  Roach  
  75  8:09  Overlord x2  
  75  8:24  Spine Crawler  
  74  8:27  Zerg Flyer Weapons Level 1  
  74  8:28  Mutalisk x5  
  74  8:29  Mutalisk  
  74  8:30  Mutalisk x4  
  74  8:31  Mutalisk  
  95  9:01  Mutalisk x2  
  95  9:02  Mutalisk  
  101  9:03  Mutalisk  
  101  9:04  Mutalisk x2  
  101  9:07  Mutalisk  
  109  9:23  Hatchery  
  108  9:41  Mutalisk  
  108  9:42  Mutalisk x2  
  114  10:01  Hydralisk Den  
  113  10:19  Queen  
  115  10:29  Zergling x2  
  115  10:31  Roach x4  
  115  10:34  Overlord  
  124  10:36  Overlord x2  
  124  10:37  Overlord  
  124  10:39  Queen  
  124  10:40  Drone  
Tags
 
Add a new tag
Caveats
  • Supply blocks, unpowered buildings, or Contaminate may cause inaccurate times.
  • Supply counts are checked every 10 seconds.